Unix NetHack Version 5.0.0-0 post-release - last build May  4 2026 22:22:43 (774f63e81ad911689b3a0859ea89b322d5daca8d,branch:main).

Game began 2026-05-08 14:00:44, ended 2026-05-08 15:48:54.

Drastanta, neutral male gnomish Wizard

                            ---------------------------------
                            |...............................|
          -----------      #....-----------.---------------.|
          |.........|     ##|...| (((|    +.|.(((|        +.|
          |......^..-#### # |...|.(((|    |.|....|        |.|
          |.>.......|   ### |...-.(((|    |(-((((|        |.|
          |.....@d..|   #   |...|----------.------+--------.|
          |.G...f....#######|...|!%%|+...|....{.............|
          |.........|   #  #|...|%%%|)_..|..........--|-....|
          ------.--.-   #  #|...|%%%|....|..........|..|)...|
                   #    ####|...| ..|....|{.........|..|....|
                  ##       #|...---|-|----..........----....|
                  ###      #|.........[.....................|
            --.-----.-   ###-...----..-|-----.......--|----.|
            |<.......|  ## #|...|  |..|..|. |.......|..|..-.|
            |.........###   |...-..|..|..|..-.......|..|..|.|
            ----------      ---------------------------------

Drastanta the Thaumaturge  St:9 Dx:15 Co:16 In:18 Wi:12 Ch:11  Neutral
Dlvl:6  $:91 HP:0(38) Pw:58(58) AC:9  Xp:6 T:4402 

Latest messages:
 A magenta potion named Acid/Oil lands on the altar.
 A pink potion named sp38 lands on the altar.
 2 yellow potions named sp38 land on the altar.
 A copper wand lands on the altar.
 A - a cursed scroll labeled ZLORFIK.
 u - a blessed unlabeled scroll.
 s - an uncursed spellbook of slow monster.
 F - an uncursed clear potion.
 B - a blessed fizzy potion named sp38.
 D - an uncursed magenta potion named Acid/Oil.
 You have a little trouble lifting an uncursed pink potion named sp38.  Continue? [ynq] (q) y
 You have a little trouble lifting E - an uncursed pink potion named sp38.
 t - 2 uncursed yellow potions named sp38.
 w - an uncursed copper wand.
 Your movements are slowed slightly because of your load.
 There are many objects here.
 You drop a cursed scroll labeled ZLORFIK.
 You drop an uncursed spellbook of slow monster.
 Your movements are now unencumbered.
 You see here a cursed knife.
 You hear some noises in the distance.
 What do you want to rub? [gQ or ?*] ?
 You now wield an uncursed lamp.
 In a cloud of smoke, a djinni emerges!
 The djinni speaks.
 "Thank you for freeing me!"
 The djinni drinks a ruby potion!
 The djinni rises up, through the ceiling!
 Call a ruby potion: Gain Level
 The wolf bites!
 You begin bashing monsters with your lamp.
 You hit the wolf.
 The wolf bites!
 You hit the wolf.
 The wolf bites!
 You hit the wolf.
 The wolf bites!
 You hit the wolf.
 The wolf bites!
 Are you sure you want to pray? [yn] (n) y
 You begin praying to Thoth.
 The wolf bites!
 The large cat misses the wolf.
 The wolf bites!
 You die...
 Do you want your possessions identified? [ynq] (y) y
 Do you want to see your attributes? [ynq] (y) y
 Do you want an account of creatures vanquished? [ynaq] (y) n
 Do you want to see your conduct and achievements? [ynq] (y) n
 Do you want to see the dungeon overview? [ynq] (y) n

Inventory:
 Coins    ('$')
  $ - 91 gold pieces
 Amulets  ('"')
  M - an uncursed amulet of unchanging
 Weapons  (')')
  N - the +0 Mjollnir
  a - a blessed +1 quarterstaff (alternate weapon; not wielded)
 Armor    ('[')
  K - a blessed +1 pair of leather gloves
  b - an uncursed +0 cloak of magic resistance (being worn)
 Comestibles  ('%')
  I - an uncursed cream pie
  z - an uncursed food ration
  v - 2 uncursed fortune cookies
 Scrolls  ('?')
  u - a blessed scroll of blank paper
  x - an uncursed scroll of enchant armor
  j - a blessed scroll of remove curse
  i - an uncursed scroll of stinking cloud
  o - a blessed scroll of teleportation
  R - an uncursed scroll of teleportation
 Spellbooks  ('+')
  l - a blessed spellbook of force bolt
  m - an uncursed spellbook of magic missile
 Potions  ('!')
  D - an uncursed potion of acid named Acid/Oil
  J - 2 uncursed potions of confusion
  B - a blessed potion of extra healing named sp38
  E - an uncursed potion of hallucination named sp38
  G - an uncursed potion of invisibility named sp56
  L - an uncursed potion of monster detection
  Y - an uncursed potion of object detection
  C - an uncursed potion of polymorph named sp75
  f - an uncursed potion of restore ability
  t - 2 uncursed potions of sleeping named sp38
  h - 2 uncursed potions of speed
  F - an uncursed potion of water
 Rings    ('=')
  d - an uncursed ring of polymorph control
  O - an uncursed ring of protection from shape changers
  e - an uncursed ring of slow digestion (on left hand)
 Wands    ('/')
  w - a wand of create monster (0:12)
  H - a wand of magic missile (0:3)
  c - a wand of slow monster (0:6)
 Tools    ('(')
  y - an uncursed blindfold
  n - a magic marker (0:20)
  g - an uncursed oil lamp (wielded)
  Q - an uncursed oil lamp
  W - an uncursed skeleton key

Drastanta the Wizard's attributes:

Background:
 You were a Thaumaturge, a level 6 male gnomish Wizard.
 You were neutral, on a mission for Thoth
 who was opposed by Ptah (lawful) and Anhur (chaotic).
 You were right-handed.
 You were in the Gnomish Mines, on level 6.
 You entered the dungeon 4402 turns ago.
 You had 466 experience points, 174 more were needed to attain level 7.

Basics:
 You had 0 out of 38 hit points.
 You had all 58 energy points (spell power).
 Your armor class was 9.
 Your wallet contained 91 zorkmids.
 Autopickup was off.

Final Characteristics:
 Your strength was 9 (limit:18/50).
 Your dexterity was 15 (peak:16, limit:18).
 Your constitution was 16 (limit:18).
 Your intelligence was 18 (limit:19).
 Your wisdom was 12 (limit:18).
 Your charisma was 11 (limit:18).

Final Status:
 You weren't hungry.
 You were unencumbered.
 You were wielding a tool.

Final Attributes:
 You were piously aligned.
 You were magic-protected.
 You were telepathic.
 You had infravision.
 You had slower digestion.
 You were warded.
 You were unlucky.
 You are dead.

Miscellaneous:
 You didn't encounter any bones levels.
 Total elapsed playing time was 1 hour, 48 minutes and 9 seconds.

Major events:
 Turn
    1: Drastanta the neutral male gnomish Wizard entered the dungeon
 1252: attained the rank of Conjurer (level 3)
 1272: entered the Gnomish Mines
 1773: found Mjollnir on the floor
 2362: reached Mine Town
 3831: attained the rank of Thaumaturge (level 6)
 4402: killed by a wolf, while praying

Spells:
 Name                 Level Category     Fail Retention
 force bolt             1   attack         0%   71%-80%
 magic missile          2   attack         0%   71%-80%

Skills:
 Fighting Skills
   bare handed combat [Unskilled]
   riding             [Unskilled]
 Weapon Skills
   dagger             [Unskilled]
   knife              [Unskilled]
   axe                [Unskilled]
   short sword        [Unskilled]
   club               [Unskilled]
   mace               [Unskilled]
   quarterstaff       [Basic]
   polearms           [Unskilled]
   spear              [Unskilled]
   trident            [Unskilled]
   sling              [Unskilled]
   dart               [Unskilled]
   shuriken           [Unskilled]
 Spellcasting Skills
   attack spells      [Basic]
   healing spells     [Unskilled]
   divination spells  [Unskilled]
   enchantment spells [Basic]
   clerical spells    [Unskilled]
   escape spells      [Unskilled]
   matter spells      [Unskilled]

Voluntary challenges:
 Character rerolling was not enabled.
 You never genocided any monsters.
 You never polymorphed an object.
 You never changed form.
 You used no wishes.
Achievements:
 You entered a shop.
 You attained the rank of Conjurer.
 You entered the Gnomish Mines.
 You entered Minetown.
 You entered a temple.
 You attained the rank of Thaumaturge.

 The Dungeons of Doom: levels 1 to 3
    Level 1:
       A fountain.
    Level 2:
       A potion shop, a fountain.
       Stairs down to The Gnomish Mines.
    Level 3:
 The Gnomish Mines: levels 3 to 6
    Level 3:
    Level 4:
    Level 5:
    Level 6: <- You were here.
       A lighting shop, a temple and an altar to Thoth, some fountains.
       Final resting place for
          you, killed by a wolf, while praying.


Vanquished creatures:
  a small mimic
  a watchman
  a gnome mummy
  a wood nymph
 an orc shaman
  a rock mole
  a pony
  3 gnome leaders
  a gnomish wizard
  3 gray oozes
  3 elf zombies
  a straw golem
  3 giant ants
  2 little dogs
  4 floating eyes
  3 homunculi
 12 hill orcs
  2 rothes
  a wererat
  3 iguanas
  3 acid blobs
  2 coyotes
  a gas spore
  2 hobbits
  4 manes
  a large kobold
  2 hobgoblins
  4 cave spiders
  a brown mold
  a yellow mold
  a red mold
  4 gnomes
  a gnome zombie
  2 geckos
  8 jackals
  2 foxes
  a kobold
  2 goblins
  2 grid bugs
  9 lichens
  a kobold zombie
  6 newts
108 creatures vanquished.

No species were genocided or became extinct.

Game over:
                       ----------
                      /          \
                     /    REST    \
                    /      IN      \
                   /     PEACE      \
                  /                  \
                  |    Drastanta     |
                  |      91 Au       |
                  | killed by a wolf |
                  |                  |
                  |                  |
                  |                  |
                  |       2026       |
                 *|     *  *  *      | *
        _________)/\\_//(\/(/\)/\//\/|_)_______

Goodbye Drastanta the Wizard...

You died in The Gnomish Mines on dungeon level 6 with 2196 points,
and 91 pieces of gold, after 4402 moves.
You were level 6 with a maximum of 38 hit points when you died.

